 Dungeon Crawl Stone Soup version 0.22.1-1-ga44c0e5 (webtiles) character file.

225 harcile the Slasher (level 6, -2/52 HPs)
             Began as a Hill Orc Fighter on Oct 27, 2018.
             Killed by divine providence
             ... invoked by an orc priest
              (10 damage)
             ... on level 3 of the Dungeon.
             The game lasted 00:07:19 (2140 turns).

harcile the Slasher (Hill Orc Fighter)              Turns: 2140, Time: 00:07:20

Health: -2/52      AC:  8    Str: 18 (21) XL:     6   Next: 1%
Magic:  6/6        EV:  7    Int:  8      God:
Gold:   51         SH:  9    Dex: 10 (12) Spells: 2/5 levels left

rFire    . . .     SeeInvis .   a - +0 long sword
rCold    . . .     Gourm    .   c - +0 shield
rNeg     . . .     Faith    .   b - +0 scale mail
rPois    .         Spirit   .   p - +0 helmet (curse)
rElec    .         Reflect  .   (no cloak)
rCorr    .         Harm     .   (no gloves)
MR       .....     Rnd*Rage +   (no boots)
Stlth    ..........             (no amulet)
HPRegen  0.17/turn              (no ring)
MPRegen  0.10/turn              (no ring)

@: no status effects
A: agile 1, berserk 1, evolution 1, MP-powered wands
a: Convert to Beogh


You were on level 3 of the Dungeon.
You were not hungry.

You visited 1 branch of the dungeon, and saw 3 of its levels.

You collected 51 gold pieces.

Inventory:

Hand Weapons
 a - a +0 long sword (weapon)
 o - a +2 spear of piercing
 q - a +0 hunting sling of freezing
Armour
 b - a +0 scale mail (worn)
 c - a +0 shield (worn)
 p - a cursed +0 helmet (worn)
Wands
 g - a wand of polymorph (6)
Scrolls
 h - a scroll of blinking {unknown}
 i - 2 scrolls of magic mapping {unknown}
 j - a scroll of amnesia {unknown}
 k - a scroll of noise {unknown}
 n - a scroll of remove curse {unknown}
 r - a scroll of enchant weapon {unknown}
Potions
 d - a potion of might
 e - a potion of curing
 m - a potion of degeneration
Comestibles
 f - 4 rations
 l - 10 chunks of flesh


   Skills:
 + Level 4.3 Fighting
 + Level 4.7 Long Blades
 + Level 4.0 Armour
 + Level 0.5 Dodging
 + Level 4.0 Shields
 * Level 1.4 Conjurations


You had 2 spell levels left.
You knew the following spells:

 Your Spells              Type           Power        Failure   Level  Hunger
a - Magic Dart            Conj           #...         97%         1    ##.....
b - Blink                 Tloc           N/A          100%        2    ###....

Your spell library contained the following spells:

 Spells                   Type           Power        Failure   Level  Hunger
 Call Imp                 Summ           #.......     100%        2    ###....
 Slow                     Hex            #.......     100%        2    ###....
 Conjure Flame            Conj/Fire      #.......     100%        3    ####...
 Mephitic Cloud           Conj/Pois/Air  #.......     100%        3    ####...


Dungeon Overview and Level Annotations

Branches:
Dungeon (3/15)

Altars:
Gozag
Qazlal
Trog
Yredelemnul


Innate Abilities, Weirdness & Mutations

You are agile. (Dex +2)
You tend to lose your temper in combat.
You evolve.
You expend magic power (3 MP) to strengthen your wands.


Message History

Items here: ))) [ ÷÷÷ You start resting.
Eating one of 11 chunks of flesh.
You eat one of the 11 chunks of flesh.
This raw flesh tastes terrible.
The orc priest is too close now for your liking.
Things that are here:
a club; a chain mail; a club You start resting.
The orc priest is too close now for your liking.
The orc priest shouts!
The orc priest hits you.
Items here: ))) [ ÷÷÷ Your shield prevents you from hitting the orc priest.
The orc priest mumbles some strange prayers to Beogh against you.
Pain shoots through your body!
* * * LOW HITPOINT WARNING * * *
You hit the orc priest but do no damage.
The orc priest mumbles some strange prayers to Beogh against you.
Beogh smites you!
You die...

#....###.# #........
#....'.#.###########
#....#.#..#..
######.##.#.######
#.....##.#.......
#.######....#...#
#.######....o....
###.#.o...........o
#...#@#####........
#.###)# ##..#...#
####'###.####
.......
#......#....# .#####
#......#....# ..
#......'....# ##
#......#....#
########....# ######


You could see an orc priest.

Vanquished Creatures
  An orc priest (D:3)
  Jessica (D:2)
  Terence (D:2)
  A worker ant (D:2)
  Robin (D:2)
  An adder (D:2)
  An ooze (D:1)
  4 worms
  A dart slug (D:1)
  3 leopard geckos
  4 orcs (D:3)
  A ball python (D:2)
  4 bats
  A giant cockroach (D:1)
  14 goblins
  7 hobgoblins
  8 jackals (D:1)
  7 kobolds
  A quokka (D:2)
  3 frilled lizards
  8 rats
73 creatures vanquished.

Notes
Turn   | Place    | Note
-------+----------+-------------------------------------------
     0 | D:1      | harcile the Hill Orc Fighter began the quest for the Orb.
     0 | D:1      | Reached XP level 1. HP: 19/19 MP: 1/1
   117 | D:1      | Reached XP level 2. HP: 27/27 MP: 2/2
   305 | D:1      | Reached XP level 3. HP: 30/33 MP: 3/3
   870 | D:2      | Found a stormy altar of Qazlal.
   927 | D:2      | Noticed Jessica
   933 | D:2      | Killed Jessica
   933 | D:2      | Reached XP level 4. HP: 25/40 MP: 4/4
   966 | D:2      | Learned a level 1 spell: Magic Dart
   969 | D:2      | Learned a level 2 spell: Blink
  1029 | D:2      | Reached XP level 5. HP: 25/46 MP: 5/5
  1303 | D:2      | Noticed Robin
  1343 | D:2      | Killed Robin
  1343 | D:2      | Reached skill level 1 in Conjurations
  1625 | D:2      | Noticed Terence
  1657 | D:2      | Gained mutation: You are agile. (Dex +2) [potion of
                  | mutation]
  1657 | D:2      | Gained mutation: You tend to lose your temper in combat.
                  | [potion of mutation]
  1657 | D:2      | Gained mutation: You evolve. [potion of mutation]
  1657 | D:2      | Gained mutation: You expend magic power (3 MP) to
                  | strengthen your wands. [potion of mutation]
  1667 | D:2      | Killed Terence
  1726 | D:2      | Found a bloodstained altar of Trog.
  1798 | D:2      | Found a basalt altar of Yredelemnul.
  1798 | D:2      | Found an opulent altar of Gozag.
  2100 | D:3      | Reached XP level 6. HP: 17/52 MP: 6/6
  2140 | D:3      | Killed from afar by an orc priest

Skill      XL: |  1  2  3  4  5 |
---------------+----------------+-----
Fighting       | 4 |  4.3
Long Blades    | 3 4 |  4.7
Conjurations   | 1 |  1.4
Armour         | 4 |  4.0
Shields        | 4 |  4.0
Dodging        | |  0.5

Action                   |  1- 3 |  4- 6 || total
-------------------------+-------+-------++-------
Melee: Long sword        |   125 |   116 ||   241
       Unarmed           |       |    10 ||    10
  Use: Potion            |       |     5 ||     5
  Eat: Chunk             |       |     5 ||     5
Armor: Scale mail        |    52 |    49 ||   101
Dodge: Dodged            |    50 |    43 ||    93
Block: Shield            |    62 |    72 ||   134
       Rpst.: Long sword |    12 |    14 ||    26
